 Dungeon Sprint DCSS version 0.28.0-53-g5a82cb258f (webtiles) character file.

Game seed: 10725919897570560529

206 Zeld the Thaumaturge (level 5, 0/28 HPs)
             Began as a Deep Elf Conjurer on May 30, 2022.
             Was a Follower of Sif Muna.
             Succumbed to a killer bee's poison
             ... in the Dungeon (Sprint IV: "Fedhas' Mad Dash").
             The game lasted 00:01:16 (1235 turns).

Zeld the Thaumaturge (Deep Elf Conjurer)            Turns: 1235, Time: 00:01:16

Health: 0/28       AC:  2    Str:  4    XL:     5   Next: 53%
Magic:  0/19       EV: 12    Int: 25    God:    Sif Muna [*.....]
Gold:   69         SH:  0    Dex: 13    Spells: 10/24 levels left

rFire   . . .      SeeInvis .   (no weapon)
rCold   . . .      Faith    .   (no shield)
rNeg    . . .      Spirit   .   a - +0 robe
rPois   .          Reflect  .   (no helmet)
rElec   .          Harm     .   (no cloak)
rCorr   .          Rampage  .   (no gloves)
Will    .....      NoTele   +   (no boots)
Stlth   ++........              h - amulet of invisibility {+Inv}
HPRegen 0.09/turn               (no ring)
MPRegen 0.16/turn               (no ring)

@: lethally poisoned (0 -> -8), very slightly contaminated, invisible
A: no striking features
a: Renounce Religion, Evoke Invisibility, Channel Magic


You were in the Dungeon.
You worshipped Sif Muna.
Sif Muna was aware of your devotion.
You visited 1 branch You collected 69 gold pieces.

Inventory:

Armour
 a - a +0 robe (worn)
Jewellery
 h - the amulet of invisibility (around neck) {+Inv}
   (You found it in the Dungeon)

   [amulet of nothing]

   +Inv:      It lets you turn invisible.
Scrolls
 g - a scroll of blinking
Potions
 b - a potion of curing
 c - a potion of heal wounds
 d - a potion of haste
 e - 2 potions of magic
 f - a potion of berserk rage


   Skills:
 - Level 2.4 Dodging
 - Level 2.4 Stealth
 * Level 10.2 Spellcasting
 * Level 9.5 Conjurations
 - Level 2.0 Hexes
 - Level 2.0 Translocations
 + Level 3.3 Invocations


You had 10 spell levels left.
You knew the following spells:

 Your Spells              Type           Power      Damage    Failure   Level
a - Magic Dart            Conj           100%       1d8       1%          1
b - Searing Ray           Conj           100%       2d8       1%          2
c - Fulminant Prism       Conj/Hex       20%        3d13      4%          4
d - Iskenderun's Mystic   Conj/Tloc      41%        2d9       4%          4
z - Dazzling Flash        Conj/Hex       82%        N/A       1%          3

Your spell library contained the following spells:

 Spells                   Type           Power      Damage    Failure   Level


Dungeon Overview and Level Annotations

Branches:
Dungeon (1/1)

Altars:
Cheibriados
Dithmenos
Elyvilon
Gozag
Hepliaklqana
Kikubaaqudgha
Makhleb
Nemelex Xobeh
Okawaru
Qazlal
Ru
Sif Muna
Trog
Uskayaw
Vehumet
Wu Jian
Xom
Yredelemnul
Zin
The Shining One
Beogh
Jiyva
Lugonu

Annotations:
D exclusion: oklob sapling


Message History

You flicker for a moment.
The killer bee closely misses you.
Casting: Iskenderun's Mystic Blast (quite dangerous; 4% risk of failure)
Confirm with . or Enter, or press ? or * to list all spells.
The spell is quite dangerous to miscast (4% risk of failure)!
Continue anyway?
You miscast Iskenderun's Mystic Blast.
Nothing appears to happen.
The killer bee misses you. The killer bee barely misses you.
The killer bee closely misses you. The killer bee misses you.
There is an open door here.
The killer bee stings you.
You flicker back into view.
There is an open door here.
Casting: Iskenderun's Mystic Blast (quite dangerous; 4% risk of failure)
Confirm with . or Enter, or press ? or * to list all spells.
Aiming: Magic Dart (safe; 1% risk of failure)
Press: ? - help, Shift-Dir - straight line, f - killer bee
Aim: a killer bee (100% to hit)
Okay, then.
The killer bee stings you. x2
The killer bee stings you. The killer bee barely misses you.
The killer bee misses you.
There is an open door here.
The killer bee barely misses you.
You are too injured to fight recklessly!
You fail to use your ability.
The killer bee stings you.
* * * LOW HITPOINT WARNING * * *
The killer bee barely misses you.
Unknown command.
You fade into invisibility!
The killer bee misses you. The killer bee barely misses you. x2
The killer bee stings you.
* * * LOW HITPOINT WARNING * * *
You are lethally poisoned!
The killer bee poisons you!
Unknown command.
* * * LOW HITPOINT WARNING * * *
You feel sick. The killer bee misses you. The killer bee closely misses you.
You die...

#########################
#<...#...y.#.....#.⌠._._.
#.P..'.(@..'.#.|.'.._._._
#P.P.#....y#.#...#..._._P
###############'##.._._._
♣........y...#._._._.
#...y..♣.....#...########
#.....♣..♣..######
##+####+#####


You could see 2 killer bees.

Vanquished Creatures
  A scorpion (D)
  2 killer bees (D)
  2 oklob saplings (D)
  A river rat (D)
  A rat (D)
7 creatures vanquished.

Vanquished Creatures (others)
  4 fungi (D)
4 creatures vanquished.

Grand Total: 11 creatures vanquished

Notes
Turn   | Place    | Note
-------+----------+-------------------------------------------
     0 | D        | Zeld the Deep Elf Conjurer began the quest for the Orb.
     0 | D        | Reached XP level 1. HP: 10/10 MP: 6/6
    24 | D        | Reached skill level 4 in Spellcasting
    24 | D        | Reached skill level 5 in Conjurations
    24 | D        | Reached skill level 1 in Translocations
    24 | D        | Reached XP level 2. HP: 15/15 MP: 0/9
    27 | D        | Learned a level 2 spell: Searing Ray
   220 | D        | Noticed an oklob sapling
   222 | D        | Killed an oklob sapling
   223 | D        | Reached skill level 5 in Spellcasting
   223 | D        | Reached XP level 3. HP: 19/19 MP: 7/12
   227 | D        | Learned a level 3 spell: Dazzling Flash
   528 | D        | Noticed a scorpion
   528 | D        | Found the amulet of invisibility {+Inv}
   534 | D        | Killed a scorpion
   535 | D        | Reached skill level 8 in Spellcasting
   535 | D        | Reached XP level 4. HP: 11/24 MP: 4/16
   621 | D        | Learned a level 4 spell: Fulminant Prism
   626 | D        | Learned a level 4 spell: Iskenderun's Mystic Blast
  1006 | D        | Found an opulent altar of Gozag.
  1006 | D        | Found a hazy altar of Hepliaklqana.
  1006 | D        | Found a burning altar of Makhleb.
  1006 | D        | Found a sparkling altar of Nemelex Xobeh.
  1006 | D        | Found a snail-covered altar of Cheibriados.
  1006 | D        | Found a sacrificial altar of Ru.
  1006 | D        | Found a shimmering blue altar of Sif Muna.
  1006 | D        | Found a shimmering altar of Xom.
  1006 | D        | Found a basalt altar of Yredelemnul.
  1007 | D        | Found a viscous altar of Jiyva.
  1007 | D        | Found a bloodstained altar of Trog.
  1007 | D        | Found an ornate altar of the Wu Jian Council.
  1008 | D        | Found an iron altar of Okawaru.
  1008 | D        | Found a shadowy altar of Dithmenos.
  1008 | D        | Found a glowing silver altar of Zin.
  1009 | D        | Found a hide-covered altar of Uskayaw.
  1009 | D        | Found an ancient bone altar of Kikubaaqudgha.
  1010 | D        | Found a stormy altar of Qazlal.
  1010 | D        | Found a glowing golden altar of the Shining One.
  1010 | D        | Found a white marble altar of Elyvilon.
  1011 | D        | Found a radiant altar of Vehumet.
  1011 | D        | Found a corrupted altar of Lugonu.
  1015 | D        | Became a worshipper of Sif Muna the Loreminder
  1148 | D        | Reached skill level 1 in Invocations
  1209 | D        | Noticed a queen bee
  1213 | D        | Reached skill level 9 in Spellcasting
  1213 | D        | Reached XP level 5. HP: 28/28 MP: 10/18
  1213 | D        | Reached * piety under Sif Muna
  1214 | D        | Reached skill level 10 in Spellcasting
  1235 | D        | Succumbed to a killer bee's poison

Illustrated notes

Levels and vault maps discovered:
D:        dungeon_sprint_fedhas [sprint_temple]

Skill      XL: |  1  2  3  4  5 |
---------------+----------------+-----
Spellcasting   | 4 5 8 9 10 | 10.2
Conjurations   | 5 6 7 8 9 |  9.5
Hexes          | 2 |  2.0
Translocations | 1 2 |  2.0
Invocations    | 2 3 |  3.3
Dodging        | |  2.4
Stealth        | |  2.4

Action                   |  1- 3 |  4- 6 || total
-------------------------+-------+-------++-------
Melee: Unarmed           |     9 |       ||     9
 Cast: Magic Dart        |     7 |       ||     7
       Searing Ray       |     3 |     1 ||     4
       Iskenderun's Myst |       |     2 ||     2
 Abil: Evoke Invisibilit |       |     4 ||     4
Dodge: Dodged            |     3 |    21 ||    24
